 Dungeon Crawl Stone Soup version 0.31-a0-231-g51bb95cda3 (webtiles) character file.

Game seed: 10592387241284063453

24 qw the Shooter (level 3, -1/21 HPs)
             Began as a Gargoyle Hexslinger on July 6, 2023.
             Slain by Terence
             ... wielding a +2 flail of protection
              (12 damage)
             ... on level 2 of the Dungeon.
             The game lasted 00:00:18 (1143 turns).

qw the Shooter (Gargoyle Hexslinger)                Turns: 1143, Time: 00:00:19

Health: -1/21      AC:  8    Str: 11    XL:     3   Next: 2%
Magic:  4/4        EV: 10    Int: 13    God:
Gold:   70         SH:  0    Dex: 14    Spells: 3/4 levels left

rFire   . . .        Y - +1 sling
rCold   . . .        (no shield)
rNeg    + . .        d - +0 ring mail
rPois   inf          (no helmet)
rElec   +            (no cloak)
rCorr   .            (no gloves)
SInv    .            (no boots)
Will    .....        (no amulet)
Stlth   +            (no ring)
HPRegen 0.23/turn    (no ring)
MPRegen 0.09/turn

%: no passive effects
@: no status effects
A: sickness immunity, AC +3, negative energy resistance 1, electricity
resistance, torment resistance 1, petrification resistance
a: no special abilities


You were on level 2 of the Dungeon.
You visited 1 branch of the dungeon, and saw 2 of its levels.

You collected 70 gold pieces.


Innate Abilities, Weirdness & Mutations

You are immune to sickness and miasma.
Your stone body is resilient. (AC +3)
You are immune to poison.
You resist negative energy. (rN+)
You are resistant to electric shocks. (rElec)
You are resistant to unholy torment.
You are immune to petrification.


   Skills:
 - Level 2.0 Fighting
 + Level 3.0 Ranged Weapons
 - Level 1.5 Dodging
 - Level 1.0 Spellcasting
 - Level 2.6 Hexes


You had 3 spell levels left.
You knew the following spells:

 Your Spells              Type           Power      Damage    Failure   Level
a - Slow                  Hex            28%        N/A       22%         1

Your spell library contained the following spells:

 Spells                   Type           Power      Damage    Failure   Level
 Inner Flame              Hex/Fire       4%         N/A       75%         3
 Portal Projectile        Hex/Tloc       8%         N/A       75%         3
 Cause Fear               Hex            3%         N/A       92%         4

Inventory:

Hand Weapons
 Y - a +1 sling (weapon)
Armour
 d - a +0 ring mail (worn)
Jewellery
 b - a +4 ring of protection
Potions
 a - a potion of mutation {unknown}
 g - a potion of might {unknown}

Dungeon Overview and Level Annotations

Branches:
Dungeon (2/15)

Altars:

Annotations:
D:2 Terence


Message History

You shoot a sling bullet.
The sling bullet hits Terence but does no damage.
Terence is moderately wounded.
Terence hits you but does no damage.
Terence hits you with a +2 flail of protection.
You shoot a sling bullet.
The sling bullet hits Terence but does no damage.
Terence is moderately wounded.
Terence closely misses you.
You shoot a sling bullet. The sling bullet hits Terence.
Terence is heavily wounded.
Terence barely misses you.
You shoot a sling bullet.
The sling bullet hits Terence but does no damage.
Terence is heavily wounded.
Terence hits you with a +2 flail of protection.
Terence closely misses you.
You shoot a sling bullet.
The sling bullet hits Terence but does no damage.
Terence is heavily wounded.
Terence barely misses you.
You shoot a sling bullet.
The sling bullet closely misses Terence.
Terence hits you with a +2 flail of protection.
Terence barely misses you.
You shoot a sling bullet. The sling bullet barely misses Terence.
Terence barely misses you.
You shoot a sling bullet.
The sling bullet closely misses Terence.
Terence hits you with a +2 flail of protection.
Terence barely misses you.
You shoot a sling bullet.
The sling bullet closely misses Terence.
Terence hits you with a +2 flail of protection.
You shoot a sling bullet.
The sling bullet hits Terence but does no damage.
Terence is heavily wounded.
Terence hits you with a +2 flail of protection!
Ouch! That really hurt!
You die...

#.######.#
#..<...#.#
####.#.#.# #.#.#.#
##.#.#.# ..#.#.#.#
#.########.#.#.#.#
#.....@..#.#.#.#.#
#######@.......#.#
........##.#.###.#
##.##......#.#.#.#
##.#......#.#.#
.............#.#
###.#......#.#.#
#.##.###.#.#.# #
#.#.......#
#.#.#.#.###


You could see Terence.

Vanquished Creatures
  2 endoplasms
  4 goblins (D:1)
  A hobgoblin (D:2)
  3 kobolds (D:1)
  A quokka (D:1)
  13 frilled lizards (D:1)
  A rat (D:1)
25 creatures vanquished.

Notes
Turn   | Place    | Note
-------+----------+-------------------------------------------
     0 | D:1      | qw the Gargoyle Hexslinger began the quest for the Orb.
     0 | D:1      | Reached XP level 1. HP: 12/12 MP: 2/2
     0 | D:1      | 0 ||| qw: Version: 0.3-a-46-gb1f654a
     0 | D:1      | 0 ||| qw: Game counter: 1912
     0 | D:1      | 0 ||| qw: Melee chars always use a shield: true
     0 | D:1      | 0 ||| qw: God list: Okawaru
     0 | D:1      | 0 ||| qw: Allow faded altars: false
     0 | D:1      | 0 ||| qw: Do Orc after clearing Dungeon:15 true
     0 | D:1      | 0 ||| qw: Do second Lair branch before Depths: true
     0 | D:1      | 0 ||| qw: Lair rune preference: random
     0 | D:1      | 0 ||| qw: Goals: Normal
     0 | D:1      | 0 ||| PLANNING D:1-11
   205 | D:1      | Found a faded altar of an unknown god.
   280 | D:1      | Reached XP level 2. HP: 14/16 MP: 3/3
   329 | D:1      | Reached skill level 3 in Ranged Weapons
   942 | D:1      | 942 ||| UPGRADING to +0 ring mail.
   952 | D:1      | 952 ||| DROPPING +0 robe.
   953 | D:1      | 953 ||| READING scroll labelled PUXUXU GOMAIVY.
  1054 | D:1      | 1054 ||| READING 3 scrolls labelled ZOIQIGUGHI.
  1055 | D:1      | 1055 ||| READING scroll labelled TAG TAEGGUG.
  1056 | D:1      | 1056 ||| DROPPING scroll of poison.
  1057 | D:1      | 1057 ||| DROPPING 2 scrolls of fog.
  1088 | D:2      | Reached XP level 3. HP: 21/21 MP: 4/4
  1129 | D:2      | Noticed Terence
  1143 | D:2      | Slain by Terence

Levels and vault maps discovered:
D:1:      lemuel_arrival_river_bridge, layout_loops_corners,
          ebering_ecumenical_altar_mist, minmay_lizard_king
D:2:      layout_basic, minmay_cut_off, uniq_jessica, uniq_terence

Skill      XL: |  1  2 |
---------------+-------+-----
Ranged Weapons | 3 |  3.0
Fighting       | 2 |  2.0
Dodging        | |  1.5
Spellcasting   | |  1.0
Hexes          | |  2.6

Action                     || total
---------------------------++-------
   Fire: Sling             ||    75
    Use: Scroll            ||     3
 Armour: Robe              ||     4
         Ring mail         ||     2
  Dodge: Dodged            ||    23

Table legend:
 A = Non-vault XP
 B = Vault XP
 C = Vault XP percentage of total XP
 D = Non-vault monster count
 E = Vault monster count
 F = Vault count percentage of total count
                 A         B        C        D         E       F
            +---------+---------+-------+---------+---------+-------
      Total |      26 |       9 |  25.7 |      16 |       9 |  36.0
            +---------+---------+-------+---------+---------+-------
        D:1 |      22 |       9 |  29.0 |      14 |       9 |  39.1
        D:2 |       4 |       0 |   0.0 |       2 |       0 |   0.0
            +---------+---------+-------+---------+---------+-------
